 Dungeon Crawl Stone Soup version 0.26.1-11-gd32895ea62 (webtiles) character file.

Game seed: 17347476010266565437

1850 jlumianski the Magician (level 9, -2/65 (69) HPs)
             Began as a Gnoll Warper on May 3, 2021.
             Was a Follower of Okawaru.
             Slain by Maggie
             ... wielding a +0 morningstar of draining
              (5 damage)
             ... on level 6 of the Dungeon.
             The game lasted 00:39:28 (7412 turns).

jlumianski the Magician (Gnoll Warper)              Turns: 7412, Time: 00:39:29

HP:   -2/65 (69)    AC:  8    Str: 13    XL:     9   Next: 12%
MP:   7/18          EV: 15    Int: 20    God:    Okawaru [*.....]
Gold: 345           SH:  0    Dex: 14    Spells: 15/20 levels left

rFire    + . .     SeeInvis .   a - +0 hand axe
rCold    + . .     Faith    .   (no shield)
rNeg     . . .     Spirit   .   b - +0 leather armour
rPois    .         Reflect  .   x - +1 helmet
rElec    .         Harm     .   u - scarf {rC+ rF+}
rCorr    .         Rampage  .   (no gloves)
Will     .....                  r - +1 pair of boots
Stlth    ++........             (no amulet)
HPRegen  0.20/turn              (no ring)
MPRegen  0.16/turn              (no ring)

@: drained
A: distributed training, fangs 1, strong nose
a: Renounce Religion, Heroism


You were on level 6 of the Dungeon.
You worshipped Okawaru.
Okawaru was aware of your devotion.
You visited 2 branches of the dungeon, and saw 8 of its levels.

You collected 345 gold pieces.

Inventory:

Hand Weapons
 a - a +0 hand axe (weapon)
 k - a +0 whip of freezing
 m - a +0 hand crossbow
 B - a +2 falchion of freezing
 D - the cursed +1 trident "Vosei" {freeze, rElec Str+2}
   (You found it on level 5 of the Dungeon)

   It has been specially enchanted to freeze those struck by it, causing extra
   injury to most foes and up to half again as much damage against particularly
   susceptible opponents.
   It can also slow down cold-blooded creatures.
   It affects your strength (+2).
   It insulates you from electricity.
   It has a curse placed upon it.
Missiles
 e - 4 boomerangs of dispersal
 g - 170 stones
 t - 22 poisoned darts (quivered)
Armour
 b - a +0 leather armour (worn)
 i - a +0 cloak
 r - a +1 pair of boots (worn)
 u - a scarf of resistance (worn)
 x - a +1 helmet (worn)
 C - a +0 hat
Wands
 s - a wand of enslavement (3)
Scrolls
 c - 2 scrolls of magic mapping
 d - a scroll of blinking
 j - 2 scrolls of identify
 l - 2 scrolls of enchant weapon {unknown}
 n - 6 scrolls of teleportation
 o - a scroll of remove curse
 y - 2 scrolls of random uselessness {unknown}
Potions
 f - a potion of berserk rage {unknown}
 h - a potion of curing
 p - a potion of mutation {unknown}
 z - a potion of invisibility
 A - a potion of flight {unknown}
 E - 2 potions of haste


   Skills:
 + Level 6.1 Fighting
 + Level 3.9 Short Blades
 + Level 3.9 Long Blades
 + Level 6.1 Axes
 + Level 3.9 Maces & Flails
 + Level 3.9 Polearms
 + Level 3.9 Staves
 + Level 3.9 Slings
 + Level 3.9 Bows
 + Level 3.9 Crossbows
 + Level 4.7 Throwing
 + Level 4.7 Armour
 + Level 6.1 Dodging
 + Level 3.9 Stealth
 + Level 3.9 Shields
 + Level 3.9 Unarmed Combat
 + Level 6.4 Spellcasting
 + Level 3.2 Conjurations
 + Level 3.2 Hexes
 + Level 3.2 Summonings
 + Level 3.2 Necromancy
 + Level 6.4 Translocations
 + Level 3.2 Transmutations
 + Level 3.2 Fire Magic
 + Level 3.2 Ice Magic
 + Level 3.2 Air Magic
 + Level 3.2 Earth Magic
 + Level 3.2 Poison Magic
 + Level 4.3 Invocations
 + Level 3.9 Evocations


You had 15 spell levels left.
You knew the following spells:

 Your Spells              Type           Power        Failure   Level
a - Blink                 Tloc           N/A          1%          2
b - Gell's Gravitas       Tloc           16%          2%          3

Your spell library contained the following spells:

 Spells                   Type           Power        Failure   Level
 Lesser Beckoning         Tloc           16%          2%          3
 Teleport Other           Tloc           32%          2%          3
 Shock                    Conj/Air       76%          3%          1
 Swiftness                Air            19%          4%          2
 Passage of Golubria      Tloc           N/A          9%          4
 Static Discharge         Conj/Air       19%          10%         3
 Airstrike                Air            9%           32%         4
 Lightning Bolt           Conj/Air       9%           65%         5


Dungeon Overview and Level Annotations

Branches:
Dungeon (7/15)             Temple (1/1) D:5

Altars:
Ashenzari
Dithmenos
Elyvilon
Fedhas
Gozag
Okawaru
Qazlal
Trog
Xom
Yredelemnul
The Shining One

Annotations:
D:6 Maggie
D:7 Pikel


Innate Abilities, Weirdness & Mutations

Your experience applies equally to all skills.
You have very sharp teeth.
Your uncanny sense of smell can sniff out nearby items.


Message History

* * * LOW HITPOINT WARNING * * *
You hit Maggie but do no damage.
Maggie is severely wounded.
You slash Maggie!
Maggie is almost dead.
Maggie gestures at you while chanting. The bolt of fire misses you.
You hit Maggie but do no damage.
Maggie is almost dead.
Maggie misses you.
You closely miss Maggie.
Maggie is almost dead.
Maggie gestures at you while chanting. The bolt of fire hits you! You resist.
* * * LOW HITPOINT WARNING * * *
You hit Maggie.
Maggie is almost dead.
You break out of your daze.
Maggie hits you with a +0 morningstar of draining.
You die...

#z# #.##.#####
... #...#.)...
##.## #.#####
#.# #(# #?# #.#
#.# #z# #.#
###.##### #.#
#........ #@#
#.##..### #@#
##.##.## #)#
##...#.#
#.######.###..#
#........#
....z
########z#
.###. ##.. .#
#.# # .#


You could see Maggie (corroded).

Vanquished Creatures
  Eustachio (D:5)
  A fire bat (D:4)
  2 ice beasts (D:5)
  A sky beast (D:7)
  A necrophage (D:7)
  2 ogres
  2 bullfrogs
  A scorpion (D:7)
  5 wights (D:6)
  2 bullfrog zombies
  A hound (D:5)
  3 orc wizards (D:5)
  Natasha (thrice) (D:4)
  6 worker ants
  A hound skeleton (D:5)
  A worker ant zombie (D:7)
  A howler monkey zombie (D:5)
  4 adders
  4 gnolls (D:4)
  2 shadow imps (D:7)
  A white imp (D:5)
  An adder skeleton (D:5)
  An adder zombie (D:4)
  2 worms
  3 dart slugs
  4 leopard geckos
  9 orcs
  4 giant cockroaches
  10 goblins
  6 hobgoblins
  8 jackals
  13 kobolds
  3 quokkas
  A ball python (D:4)
  6 bats
  2 frilled lizards
  A quokka skeleton (D:4)
  10 rats
129 creatures vanquished.

Vanquished Creatures (others)
  20 plants (D:4)
20 creatures vanquished.

Grand Total: 149 creatures vanquished

Notes
Turn   | Place    | Note
-------+----------+-------------------------------------------
     0 | D:1      | jlumianski the Gnoll Warper began the quest for the Orb.
     0 | D:1      | Reached XP level 1. HP: 20/20 MP: 6/6
   172 | D:1      | Reached XP level 2. HP: 21/26 MP: 7/7
   192 | D:1      | Learned a level 2 spell: Blink
   627 | D:1      | Reached XP level 3. HP: 31/31 MP: 9/9
   631 | D:1      | Learned a level 3 spell: Gell's Gravitas
   866 | D:1      | Reached skill level 5 in Spellcasting
  1043 | D:2      | Reached skill level 1 in Invocations
  1119 | D:2      | Reached skill level 1 in Short Blades
  1119 | D:2      | Reached skill level 1 in Long Blades
  1119 | D:2      | Reached skill level 1 in Maces & Flails
  1119 | D:2      | Reached skill level 1 in Polearms
  1119 | D:2      | Reached skill level 1 in Staves
  1119 | D:2      | Reached skill level 1 in Slings
  1119 | D:2      | Reached skill level 1 in Bows
  1119 | D:2      | Reached skill level 1 in Crossbows
  1119 | D:2      | Reached skill level 1 in Stealth
  1119 | D:2      | Reached skill level 1 in Shields
  1119 | D:2      | Reached skill level 1 in Unarmed Combat
  1119 | D:2      | Reached skill level 1 in Evocations
  1171 | D:2      | Reached XP level 4. HP: 32/38 MP: 11/11
  1254 | D:2      | Reached skill level 1 in Conjurations
  1254 | D:2      | Reached skill level 1 in Hexes
  1254 | D:2      | Reached skill level 1 in Summonings
  1254 | D:2      | Reached skill level 1 in Necromancy
  1254 | D:2      | Reached skill level 1 in Transmutations
  1254 | D:2      | Reached skill level 1 in Fire Magic
  1254 | D:2      | Reached skill level 1 in Ice Magic
  1254 | D:2      | Reached skill level 1 in Air Magic
  1254 | D:2      | Reached skill level 1 in Earth Magic
  1254 | D:2      | Reached skill level 1 in Poison Magic
  2041 | D:3      | Reached XP level 5. HP: 43/43 MP: 12/12
  2520 | D:4      | Found a transporter.
  2522 | D:4      | Noticed a fire bat
  2524 | D:4      | Noticed a fire bat
  2567 | D:4      | Noticed Natasha
  2591 | D:4      | Killed Natasha
  2870 | D:4      | Noticed Natasha
  2877 | D:4      | Killed Natasha
  2956 | D:4      | Noticed Natasha
  2977 | D:4      | Killed Natasha
  3041 | D:4      | Reached XP level 6. HP: 43/50 MP: 13/13
  3244 | D:4      | Found a transporter.
  3298 | D:4      | Killed a fire bat
  3299 | D:4      | Reached skill level 5 in Fighting
  3299 | D:4      | Reached skill level 5 in Axes
  3299 | D:4      | Reached skill level 5 in Dodging
  3909 | D:4      | Reached XP level 7. HP: 51/56 MP: 15/15
  4204 | D:5      | Entered Level 5 of the Dungeon
  4412 | D:5      | Noticed Eustachio
  4638 | D:5      | Killed Eustachio
  4847 | D:5      | Found a basalt altar of Yredelemnul.
  5242 | D:5      | Reached XP level 8. HP: 47/63 MP: 16/16
  5649 | D:5      | Found a staircase to the Ecumenical Temple.
  5796 | D:5      | Got a polished trident
  5797 | D:5      | Identified the cursed +1 trident "Vosei" {freeze, rElec
                  | Str+2} (You found it on level 5 of the Dungeon)
  5801 | Temple   | Entered the Ecumenical Temple
  6098 | Temple   | Became a worshipper of Warmaster Okawaru
  6181 | D:6      | Noticed Maggie
  6694 | D:7      | Noticed Pikel
  7300 | D:6      | Reached * piety under Okawaru
  7366 | D:6      | Reached XP level 9. HP: 17/69 MP: 8/18
  7411 | D:6      | HP: 3/65 [Maggie/bolt of fire (10)]
  7412 | D:6      | Slain by Maggie

Illustrated notes

Levels and vault maps discovered:
D:1:      minmay_arrival_jagged, layout_rooms, roderic_st_hans_cross,
          minivault_4
D:2:      layout_rooms, kennysheep_another_room
D:3:      layout_basic
D:4:      gammafunk_cloud_chamber, layout_loops_cross, serial_bayou,
          serial_bayou_shore_a, serial_bayou_pond_e, serial_bayou_lagoon_a,
          serial_bayou_ford_a, uniq_natasha
D:5:      layout_basic, minmay_temple_entry_offerings, basic_altar,
          uniq_eustachio
D:6:      layout_loops_ring, kennysheep_nub, uniq_pikel, uniq_edmund,
          uniq_maggie
D:7:      layout_rooms, minitemple, uniq_harold
Temple:   dpeg_chambers_temple

Skill      XL: |  1  2  3  4  5  6  7  8 |
---------------+-------------------------+-----
Spellcasting   | 5 6 |  6.4
Invocations    | 1 2 3 4 |  4.3
Short Blades   | 1 2 3 |  3.9
Long Blades    | 1 2 3 |  3.9
Maces & Flails | 1 2 3 |  3.9
Polearms       | 1 2 3 |  3.9
Staves         | 1 2 3 |  3.9
Slings         | 1 2 3 |  3.9
Bows           | 1 2 3 |  3.9
Crossbows      | 1 2 3 |  3.9
Stealth        | 1 2 3 |  3.9
Shields        | 1 2 3 |  3.9
Unarmed Combat | 1 2 3 |  3.9
Evocations     | 1 2 3 |  3.9
Conjurations   | 1 2 3 |  3.2
Hexes          | 1 2 3 |  3.2
Summonings     | 1 2 3 |  3.2
Necromancy     | 1 2 3 |  3.2
Transmutations | 1 2 3 |  3.2
Fire Magic     | 1 2 3 |  3.2
Ice Magic      | 1 2 3 |  3.2
Air Magic      | 1 2 3 |  3.2
Earth Magic    | 1 2 3 |  3.2
Poison Magic   | 1 2 3 |  3.2
Throwing       | 3 4 |  4.7
Armour         | 3 4 |  4.7
Fighting       | 5 6 |  6.1
Axes           | 5 6 |  6.1
Dodging        | 5 6 |  6.1
Translocations | 6 |  6.4

Action                   |  1- 3 |  4- 6 |  7- 9 || total
-------------------------+-------+-------+-------++-------
Melee: Hand axe          |   100 |   169 |   326 ||   595
       Bite              |    12 |    17 |    51 ||    80
       Punch             |     1 |     3 |     5 ||     9
Throw: Stone             |     6 |       |     9 ||    15
       Dart              |       |    16 |    25 ||    41
       Boomerang         |       |       |     1 ||     1
 Cast: Blink             |     1 |     6 |     6 ||    13
       Gell's Gravitas   |       |    15 |    20 ||    35
Invok: Heroism           |       |       |     1 ||     1
Evoke: Wand              |       |     1 |     5 ||     6
  Use: Scroll            |     1 |     4 |     4 ||     9
       Potion            |       |     4 |     4 ||     8
 Stab: Sleeping          |       |     1 |       ||     1
Armor: Leather armour    |    32 |    60 |    85 ||   177
Dodge: Dodged            |    79 |   149 |   245 ||   473
